 Dungeon Crawl Stone Soup version 0.25.1-2-g60ff931df9 (webtiles) character file.

Game seed: 11386957302729355222

488 Luthien the Conjurer (level 6, -4/38 HPs)
             Began as a Deep Elf Conjurer on Sept 5, 2020.
             Slain by a killer bee (6 damage)
             ... on level 8 of the Dungeon.
             The game lasted 00:09:13 (2931 turns).

Luthien the Conjurer (Deep Elf Conjurer)            Turns: 2931, Time: 00:09:28

Health: -4/38      AC:  5    Str:  3 (5)  XL:     6   Next: 90%
Magic:  1/16       EV: 12    Int: 27 (28) God:
Gold:   187        SH:  0    Dex: 12 (15) Spells: 9/16 levels left

rFire    . . .     SeeInvis .   p - +2 dagger (elec)
rCold    . . .     Gourm    .   (no shield)
rNeg     . . .     Faith    .   h - +0 leather armour
rPois    .         Spirit   .   (no helmet)
rElec    .         Reflect  .   (no cloak)
rCorr    .         Harm     .   (no gloves)
MR       .....                  (no boots)
Stlth    ++........             o - amulet of the acrobat
HPRegen  0.12/turn              r - +6 ring of intelligence
MPRegen  0.15/turn              (no ring)

@: lethally poisoned (-4 -> -7), very slightly contaminated, slowed, very slow
A: iridescent scales 1, robust 1, wild magic 1
a: no special abilities


You were on level 8 of the Dungeon.
You were hungry.

You visited 1 branch of the dungeon, and saw 6 of its levels.

You collected 187 gold pieces.

Inventory:

Hand Weapons
 g - a +0 short sword
 i - a +0 dagger
 k - a +0 short sword
 p - a +2 dagger of electrocution (weapon)
Missiles
 e - 86 stones (quivered)
 u - 13 poisoned darts
Armour
 a - a +0 robe
 h - a +0 leather armour (worn)
Jewellery
 o - an amulet of the acrobat (around neck)
 r - a +6 ring of intelligence (left hand)
Wands
 t - a wand of flame (15)
Scrolls
 b - a scroll of blinking {unknown}
 j - 2 scrolls of identify {unknown}
 m - a scroll of fog {unknown}
 q - a scroll of remove curse {unknown}
Potions
 d - a potion of degeneration
 f - a potion of mutation
 l - a potion of ambrosia {unknown}
 n - a potion of berserk rage {unknown}
Comestibles
 c - 5 rations
 s - a chunk of flesh


   Skills:
 + Level 2.1 Fighting
 - Level 3.4 Dodging
 - Level 3.6 Stealth
 + Level 5.5 Spellcasting
 + Level 5.9 Conjurations
 + Level 3.5 Hexes


You had 9 spell levels left.
You knew the following spells:

 Your Spells              Type           Power        Failure   Level  Hunger
a - Magic Dart            Conj           ####         2%          1    None
b - Searing Ray           Conj           ######       3%          2    None
p - Fulminant Prism       Conj/Hex       #####.....   26%         4    ###....

Your spell library contained the following spells:

 Spells                   Type           Power        Failure   Level  Hunger
 Dazzling Flash           Conj/Hex       #####.       10%         3    #......
 Iskenderun's Mystic Bla  Conj/Tloc      ####....     45%         4    ###....


Dungeon Overview and Level Annotations

Branches:
Dungeon (6/15)               Lair (0/6) D:8
 Temple: D:4-7

Altars:
Ashenzari
Makhleb
Uskayaw
Xom
Yredelemnul


Innate Abilities, Weirdness & Mutations

You are partially covered in iridescent scales. (AC +2)
You are robust. (+10% HP)
Your spells are a little harder to cast, but a little more powerful.


Message History

* * * LOW HITPOINT WARNING * * *
Unknown command.
It was a potion of mutation.
You feel extremely strange.
You feel less in control of your magic.
You feel robust.
Iridescent scales grow over part of your body.
The killer bee closely misses you. The killer bee stings you.
* * * LOW HITPOINT WARNING * * *
You are lethally poisoned!
The killer bee poisons you!
The killer bee stings you but does no damage.
Your fulminant prism crackles loudly.
Unknown command.
Unknown command.
It was a potion of degeneration.
There was something very wrong with that liquid.
You feel weakened.
You feel dopey.
You feel clumsy.
You are feeling hungry.
* * * LOW HITPOINT WARNING * * *
You feel sick. The killer bee closely misses you. The killer bee stings you.
You die... #P.PP.. #. .PPP.l.

#. ##..PP... #y
#....PPPP #y
#..P..PPP #y
#.....PPP #. #.#
###.############.#
O..P
###...†*yy@...O.l..#
...
#...$..#.###########
#.. #.#.#..#.# #..
#....#.# #.# #
#.##.#.# #.#
#.#......# #.###
s.##......#.## #...#
.......÷###..# #...#
#.####.#.....##
####...##


You could see a komodo dragon, an ogre, 2 killer bees and a friendly fulminant
prism.

Vanquished Creatures
  A sky beast (D:8)
  A bullfrog (D:8)
  3 killer bees (D:8)
  A crimson imp (D:8)
  A centaur skeleton (D:8)
  A worker ant (D:8)
  5 adders
  An ooze (D:2)
  An adder zombie (D:3)
  A worm (D:2)
  A dart slug (D:1)
  2 leopard geckos
  An orc (D:8)
  3 ball pythons
  3 giant cockroaches
  4 goblins
  7 hobgoblins (D:1)
  4 jackals (D:1)
  9 kobolds
  9 bats
  7 frilled lizards
  2 rats
68 creatures vanquished.

Vanquished Creatures (others)
  A fulminant prism (D:8)
  A plant (D:8)
2 creatures vanquished.

Grand Total: 70 creatures vanquished

Notes
Turn   | Place    | Note
-------+----------+-------------------------------------------
     0 | D:1      | Luthien the Deep Elf Conjurer began the quest for the Orb.
     0 | D:1      | Reached XP level 1. HP: 10/10 MP: 6/6
   265 | D:1      | Reached XP level 2. HP: 15/15 MP: 6/8
   269 | D:1      | Learned a level 2 spell: Searing Ray
  1042 | D:1      | Reached XP level 3. HP: 18/19 MP: 7/10
  1383 | D:2      | Found a burning altar of Makhleb.
  1649 | D:2      | Reached XP level 4. HP: 24/24 MP: 3/11
  1655 | D:2      | Learned a level 4 spell: Fulminant Prism
  1990 | D:2      | Found a faded altar of an unknown god.
  2030 | D:2      | Reached skill level 5 in Conjurations
  2111 | D:2      | Found a shattered altar of Ashenzari.
  2293 | D:3      | Found a shimmering altar of Xom.
  2426 | D:3      | You fall into a shaft and drop 3 floors!
  2526 | D:5      | Entered Level 5 of the Dungeon
  2529 | D:5      | Found a basalt altar of Yredelemnul.
  2586 | D:6      | You fall into a shaft and drop 2 floors!
  2616 | D:8      | Noticed an ogre
  2629 | D:8      | Found a hide-covered altar of Uskayaw.
  2629 | D:8      | Noticed a +0 dagger
  2629 | D:8      | Noticed a -3 dagger
  2632 | D:8      | Noticed a sky beast
  2639 | D:8      | Reached skill level 1 in Hexes
  2652 | D:8      | Reached XP level 5. HP: 20/28 MP: 6/13
  2677 | D:8      | Noticed an ogre
  2699 | D:8      | Killed a sky beast
  2699 | D:8      | Reached skill level 1 in Fighting
  2715 | D:8      | Reached skill level 5 in Spellcasting
  2715 | D:8      | Reached XP level 6. HP: 16/34 MP: 1/15
  2908 | D:8      | Found a staircase to the Lair.
  2908 | D:8      | Noticed a komodo dragon
  2930 | D:8      | Gained mutation: Your spells are a little harder to cast,
                  | but a little more powerful. [potion of mutation]
  2930 | D:8      | Gained mutation: You are robust. (+10% HP) [potion of
                  | mutation]
  2930 | D:8      | Gained mutation: You are partially covered in iridescent
                  | scales. (AC +2) [potion of mutation]
  2931 | D:8      | Slain by a killer bee

Illustrated notes

Levels and vault maps discovered:
D:1:      minmay_arrival_wavy_path, layout_basic
D:2:      layout_rooms, marbit_many_paths, ashenzari_conservatory_becter,
          chequers_ecumenical_altar_simple, kennysheep_generic_room_6
D:3:      layout_loops_corners, nicolae_overflow_crystal_walls,
          lemuel_crystal_altar
D:5:      layout_loops_ring, nicolae_overflow_hidden_temple, first_ration,
          portal_sewer_entry_d, serial_shops, shop_statue, shop,
          serial_bayou_pond_b, uniq_edmund, uniq_blork_the_orc
D:6:      layout_loops_ring, grunt_temple_overflow_magic_moments,
          lemuel_round_altar, minmay_temple_entry_trees, minmay_puff
D:8:      layout_loops_cross, dancing_weapons_uskayaw, david_lair_shrubbed

Skill      XL: |  1  2  3  4  5  6 |
---------------+-------------------+-----
Stealth        | 3 |  3.6
Dodging        | 3 |  3.4
Spellcasting   | 4 5 |  5.5
Conjurations   | 5 |  5.9
Hexes          | 1 2 3 |  3.5
Fighting       | 1 2 |  2.1

Action                   |  1- 3 |  4- 6 || total
-------------------------+-------+-------++-------
Melee: Unarmed           |     3 |       ||     3
       Dagger            |       |     2 ||     2
 Cast: Magic Dart        |    76 |    37 ||   113
       Searing Ray       |     4 |     6 ||    10
       Fulminant Prism   |       |     2 ||     2
Evoke: Wand              |       |     1 ||     1
  Use: Potion            |       |     2 ||     2
  Eat: Chunk             |     2 |     4 ||     6
Armor: Robe              |     2 |       ||     2
       Leather armour    |       |     5 ||     5
Dodge: Dodged            |    15 |    20 ||    35
